 Dungeon Crawl Stone Soup version 0.29.1-15-g9cfb28693d (webtiles) character file.

Game seed: 15893315193862215893

1799 Anriel the Ducker (level 8, -4/41 HPs)
             Began as a Deep Elf Hedge Wizard on Feb 22, 2023.
             Was an Initiate of Sif Muna.
             Killed by divine providence
             ... invoked by an orc priest
              (15 damage)
             ... on level 6 of the Dungeon.
             The game lasted 00:41:00 (7541 turns).

Anriel the Ducker (Deep Elf Hedge Wizard)           Turns: 7541, Time: 00:41:01

Health: -4/41      AC:  5    Str:  7    XL:     8   Next: 83%
Magic:  12/17      EV: 15    Int: 22    God:    Sif Muna [......]
Gold:   157        SH:  0    Dex: 14    Spells: 11/17 levels left

rFire   . . .      SeeInvis .   p - +2 rapier
rCold   . . .      Faith    .   (no shield)
rNeg    . . .      Spirit   .   l - +0 robe
rPois   .          Reflect  .   c - +0 hat
rElec   .          Harm     .   d - +1 cloak
rCorr   .          Rampage  .   (no gloves)
Will    .....                   o - +0 pair of boots
Stlth   +++.......              (no amulet)
HPRegen 0.13/turn               n - ring of wizardry
MPRegen 0.15/turn               (no ring)

@: no status effects
A: no striking features
a: Renounce Religion


You were on level 6 of the Dungeon.
You worshipped Sif Muna.
Sif Muna was noncommittal.
You visited 1 branch of the dungeon, and saw 6 of its levels.
You also visited: Ossuary.

You collected 299 gold pieces.
You spent 142 gold pieces at shops.

Inventory:

Hand Weapons
 a - a +0 dagger
 b - a +5 quarterstaff of chaos
 p - a +2 rapier (weapon)
Armour
 c - a +0 hat (worn)
 d - a +1 cloak (worn)
 i - a +0 leather armour
 l - a +0 robe (worn)
 o - a +0 pair of boots (worn)
 q - a +1 ring mail of cold resistance
Jewellery
 n - a ring of wizardry (left hand)
Wands
 j - a wand of roots (4)
 u - a wand of flame (33)
Scrolls
 y - a scroll of immolation
 A - a scroll of poison {unknown}
Potions
 e - a potion of curing
 f - a potion of might
 g - a potion of lignification
 h - a potion of flight
 k - a potion of invisibility
 r - 3 potions of attraction {unknown}
 s - a potion of ambrosia {unknown}
 t - a potion of brilliance {unknown}
 v - 2 potions of degeneration {unknown}
 w - 2 potions of berserk rage {unknown}
 z - a potion of heal wounds {unknown}
Miscellaneous
 x - a phial of floods


   Skills:
 + Level 4.6 Short Blades
 - Level 6.5 Dodging
 - Level 5.3 Stealth
 - Level 5.0 Spellcasting
 - Level 5.6 Conjurations
 - Level 5.1 Hexes
 + Level 4.9 Summonings
 - Level 1.1 Translocations


You had 11 spell levels left.
You knew the following spells:

 Your Spells              Type           Power      Damage    Failure   Level
a - Magic Dart            Conj           100%       1d8       1%          1
b - Blink                 Tloc           20%        N/A       4%          2
c - Slow                  Hex            100%       N/A       1%          1
d - Call Imp              Summ           27%        N/A       1%          2

Your spell library contained the following spells:

 Spells                   Type           Power      Damage    Failure   Level
 Conjure Flame            Conj/Fire      17%        6-21      4%          3
 Mephitic Cloud           Conj/Pois/Air  13%        N/A       6%          3


Dungeon Overview and Level Annotations

Branches:
Dungeon (6/15)            Ossuary (visited)
 Temple: D:4-7

Altars:
Kikubaaqudgha
Okawaru
Qazlal
Ru
Sif Muna
Trog
Yredelemnul
The Shining One

Shops:
D:1 *

Annotations:
D:4 2 runed translucent doors, LaMa's ghost, amateur MfIE
D:6 kalagan's ghost, novice DECj


Message History

You closely miss the orc priest.
The orc priest is moderately wounded.
Your white imp closely misses the orc priest.
The orc priest misses you.
You barely miss the orc priest.
The orc priest is moderately wounded.
Your white imp disappears in a puff of smoke!
Casting: Magic Dart (safe; 1% risk of failure)
Confirm with . or Enter, or press ? or * to list all spells.
A beastly little devil appears in a puff of flame.
The orc priest hits you with a +0 short sword.
The orc misses you.
You hit the orc priest but do no damage.
The orc priest is moderately wounded.
The orc priest looks satisfied for a moment.
Your crimson imp completely misses the orc priest.
You hit the orc priest.
The orc priest is severely wounded.
The orc priest completely misses you.
Your crimson imp closely misses the orc priest.
You closely miss the orc priest.
The orc priest is severely wounded.
The orc priest hits you but does no damage.
The orc barely misses you.
Your crimson imp hits the orc priest.
You barely miss the orc priest.
The orc priest is almost dead.
The orc priest hits you but does no damage.
The orc hits you but does no damage.
You hit the orc priest but do no damage.
The orc priest is almost dead.
Your crimson imp closely misses the orc priest.
The orc priest invokes the aid of Beogh against you.
Beogh smites you!
* * * LOW HITPOINT WARNING * * *
The orc barely misses you.
You feel better.
Your crimson imp blinks!
The orc priest calls down the wrath of Beogh upon you.
Beogh smites you!
You die...

######
#####....#########
....#....'.......#
....#....#.......# .
....'....#.......# .#
....#....#####...# .#
....#....#..##...# .#
....#....#.......# ..#
....#....#......@#...#.#
....#....#......oo).....
....#....#..##.5)#......
....#....##+ #...#......
'#### #....# ..... ....+
... #....# .....
....#.... #....# ....
'####.... #....# ....
......... #....#


You could see an orc priest (ally target), an orc and a friendly crimson imp
(summoned).

Vanquished Creatures
  Sigmund (D:5)
  A black bear (D:5)
  An elf zombie (Ossuary)
  2 necrophages
  2 scorpions (D:5)
  2 wights (D:6)
  A howler monkey (D:5)
  2 human zombies (Ossuary)
  A jelly (D:3)
  6 hounds
  A gnoll bouda (D:6)
  An orc priest (D:6)
  Crazy Yiuf (D:2)
  2 iguanas
  An orc wizard (D:6)
  2 mummies (Ossuary)
  Robin (D:3)
  A gnoll (D:6)
  5 adders
  An adder zombie (Ossuary)
  2 dart slugs
  2 orcs (D:5)
  4 ball pythons
  6 bats
  5 endoplasms
  2 giant cockroaches (D:1)
  10 goblins
  5 hobgoblins
  5 kobolds
  4 quokkas
  4 frilled lizards
  2 goblin zombies (Ossuary)
  9 hobgoblin zombies (Ossuary)
  A jackal zombie (Ossuary)
  8 kobold zombies (Ossuary)
  7 orc zombies (Ossuary)
  5 rats
  A rat zombie (Ossuary)
117 creatures vanquished.

Vanquished Creatures (collateral kills)
  An ogre (D:4)
  An elf zombie (Ossuary)
  3 wights (D:6)
  A human zombie (Ossuary)
  2 iguanas (D:5)
  5 gnolls (D:6)
  2 adders
  A worm (D:3)
  4 orcs
  A goblin (D:3)
  2 hobgoblins (D:3)
  A quokka (D:4)
  2 kobold zombies (Ossuary)
  An orc zombie (Ossuary)
27 creatures vanquished.

Grand Total: 144 creatures vanquished

Notes
Turn   | Place    | Note
-------+----------+-------------------------------------------
     0 | D:1      | Anriel the Deep Elf Hedge Wizard began the quest for the
                  | Orb.
     0 | D:1      | Reached XP level 1. HP: 10/10 MP: 7/7
    13 | D:1      | Found Zabunan's Assorted Antiques.
   117 | D:1      | Reached XP level 2. HP: 11/15 MP: 9/9
   123 | D:1      | Learned a level 2 spell: Blink
   125 | D:1      | Learned a level 1 spell: Slow
   128 | D:1      | Learned a level 2 spell: Call Imp
   570 | D:1      | Reached skill level 3 in Dodging
  1111 | D:1      | Bought a fizzy yellow potion for 16 gold pieces
  1111 | D:1      | Bought a scroll labelled BOMMAITTIM for 18 gold pieces
  1171 | D:2      | Reached skill level 5 in Spellcasting
  1171 | D:2      | Reached XP level 3. HP: 15/19 MP: 7/11
  1729 | D:2      | Found a runed translucent door.
  1730 | D:2      | Noticed Crazy Yiuf
  1776 | D:2      | Killed Crazy Yiuf
  1777 | D:2      | Reached XP level 4. HP: 20/24 MP: 5/13
  1874 | D:3      | Noticed Robin
  1882 | D:3      | Reached skill level 4 in Dodging
  2135 | D:3      | Killed Robin
  2248 | D:3      | Reached XP level 5. HP: 23/28 MP: 12/14
  2258 | D:3      | Found an iron altar of Okawaru.
  2544 | D:3      | Found a faded altar of an unknown god.
  2946 | D:1      | Bought a scroll of identify for 36 gold pieces
  2946 | D:1      | Bought a scroll of identify for 36 gold pieces
  2946 | D:1      | Bought a scroll labelled NAUHOAKHL CUGH for 18 gold pieces
  2946 | D:1      | Bought a scroll labelled VAXZAR BOSIDE for 18 gold pieces
  3104 | D:4      | Reached skill level 5 in Dodging
  3192 | D:4      | Noticed an ogre
  3199 | D:4      | Killed an ogre
  3200 | D:4      | Reached XP level 6. HP: 32/32 MP: 4/15
  3517 | D:4      | Found a large runed translucent door.
  3518 | D:4      | Found a large runed translucent door.
  3519 | D:4      | Noticed LaMa's ghost (amateur MfIE)
  3985 | D:5      | Entered Level 5 of the Dungeon
  4164 | D:5      | Noticed Sigmund
  4173 | D:5      | Killed Sigmund
  4174 | D:5      | Reached skill level 6 in Dodging
  4174 | D:5      | Reached skill level 5 in Conjurations
  4174 | D:5      | Reached XP level 7. HP: 27/36 MP: 9/16
  4240 | D:5      | Found a sand-covered staircase.
  4249 | Ossuary  | Entered an ossuary
  4414 | Ossuary  | Reached skill level 1 in Hexes
  5634 | D:5      | Reached skill level 5 in Stealth
  5734 | D:5      | Reached XP level 8. HP: 41/41 MP: 11/17
  5748 | D:5      | Reached skill level 1 in Short Blades
  5995 | D:5      | Reached skill level 5 in Hexes
  6590 | D:5      | Found a glowing golden altar of the Shining One.
  6881 | D:6      | Noticed kalagan's ghost (novice DECj)
  6909 | D:6      | Found a stormy altar of Qazlal.
  6909 | D:6      | Found a shimmering blue altar of Sif Muna.
  6909 | D:6      | Found a bloodstained altar of Trog.
  6909 | D:6      | Found a sacrificial altar of Ru.
  6915 | D:6      | Became a worshipper of Sif Muna the Loreminder
  6921 | D:6      | Found a basalt altar of Yredelemnul.
  6922 | D:6      | Found an ancient bone altar of Kikubaaqudgha.
  7540 | D:6      | HP: 1/41 [orc priest/divine providence (14)]
  7541 | D:6      | Killed from afar by an orc priest

Illustrated notes

Levels and vault maps discovered:
D:1:      matt_arrival_grand_opening, layout_basic, serial_shops, shop
D:2:      layout_loops_ring, uniq_crazy_yiuf_cottage
D:3:      layout_loops_ring, okawaru_ov_weapons_minmay,
          chequers_ecumenical_altar_island, uniq_robin
D:4:      minmay_evil_eye, layout_loops_ring, serial_forest,
          infiniplex_forest_lined_3_way, infiniplex_forest_lined_1,
          infiniplex_forest_straight_2, infiniplex_forest_straight_3,
          infiniplex_forest_straight_5, ebering_ghost_disaster_area
D:5:      layout_loops_ring, tso_oasis_becter, nicolae_ossuary_entry_monument,
          minmay_checkerbox, uniq_sigmund
D:6:      layout_gridville, minmay_overflow_temple_hex, gammafunk_ghost_arena,
          hangedman_decor_opposing, chequers_garden, uniq_eustachio

Skill      XL: |  1  2  3  4  5  6  7  8 |
---------------+-------------------------+-----
Dodging        | 3 4 5 6 |  6.5
Conjurations   | 2 3 4 5 |  5.6
Spellcasting   | 5 |  5.0
Hexes          | 4 5 |  5.1
Stealth        | 5 |  5.3
Short Blades   | 4 |  4.6
Summonings     | 4 |  4.9
Translocations | |  1.1

Action                   |  1- 3 |  4- 6 |  7- 9 || total
-------------------------+-------+-------+-------++-------
Melee: Dagger            |    27 |    25 |       ||    52
       Quarterstaff      |       |    14 |       ||    14
       Rapier            |       |     6 |   142 ||   148
 Cast: Magic Dart        |    58 |    76 |   161 ||   295
       Blink             |     5 |     1 |     9 ||    15
       Call Imp          |     5 |     8 |    27 ||    40
       Slow              |     1 |     2 |     9 ||    12
  Use: Scroll            |     3 |     8 |     4 ||    15
       Potion            |     2 |     2 |     4 ||     8
 Stab: Sleeping          |     6 |     4 |     7 ||    17
       Distracted        |       |       |     4 ||     4
Armor: Robe              |     3 |    19 |    39 ||    61
Dodge: Dodged            |    42 |    64 |   118 ||   224
